 Seeded DCSS version 0.29-a0-789-g7a8fcbc185 (webtiles) character file.

Game seed: 1570133099386417921 (custom seed)

0 blackman the Sneak (level 1, 0/18 HPs)
             Began as a Human Delver on July 2, 2022.
             Slain by a phantom (5 damage)
             ... in the Ecumenical Temple.
             The game lasted 00:00:19 (25 turns).

blackman the Sneak (Human Delver)                     Turns: 25, Time: 00:00:19

Health: 0/18       AC:  3    Str: 12    XL:     1   Next: 0%
Magic:  1/1        EV: 12    Int: 10    God:
Gold:   0          SH:  0    Dex: 14    Spells: 0/0 levels left

rFire   . . .      SeeInvis .   a - +0 hand axe
rCold   . . .      Faith    .   (no shield)
rNeg    . . .      Spirit   .   b - +0 leather armour
rPois   .          Reflect  .   (no helmet)
rElec   .          Harm     .   (no cloak)
rCorr   .          Rampage  .   (no gloves)
Will    .....                   (no boots)
Stlth   +++.......              (no amulet)
HPRegen 0.06/turn               (no ring)
MPRegen 0.07/turn               (no ring)

@: no status effects
A: no striking features
a: no special abilities


You were in the Ecumenical Temple.
You visited 2 branches of the dungeon, and saw 2 of its levels.

Inventory:

Hand Weapons
 a - a +0 hand axe (weapon)
Armour
 b - a +0 leather armour (worn)
Wands
 g - a wand of digging (3)
Scrolls
 c - a scroll of fog
 d - a scroll of magic mapping
 e - a scroll of fear
Potions
 f - a potion of haste


   Skills:
 - Level 3.0 Fighting
 - Level 2.0 Axes
 * Level 0.0 Ranged Weapons
 - Level 2.0 Dodging
 - Level 5.0 Stealth


You couldn't memorise any spells.
You didn't know any spells.
Your spell library was empty.

Dungeon Overview and Level Annotations

Branches:
Dungeon (5/15)             Temple (1/1) D:5

Altars:
Dithmenos
Elyvilon
Hepliaklqana
Ru
Sif Muna
Trog
Xom
Zin

Annotations:
Temple 4 transporters


Message History

A phantom comes into view.
You enter the shallow water.
Moving in this stuff is going to be slow.
Unknown command.
The phantom misses you. The phantom attacks as you move away!
The phantom hits you.
There is a staircase to the Ecumenical Temple here.
The phantom closely misses you.
You climb downwards.
Welcome to the Ecumenical Temple!
Found eight altars.
Found two transporters.
There is a staircase back to the Dungeon here.
You hit the phantom.
The phantom is lightly damaged.
The phantom misses you. The phantom barely misses you.
You hit the phantom.
The phantom is moderately damaged.
The phantom barely misses you.
You hit the phantom.
The phantom is moderately damaged.
The phantom hits you!
The phantom blinks!
You blink.
Found two transporters.
You are too injured to fight recklessly!
You are too injured to fight recklessly!
You are too injured to fight recklessly!
You are too injured to fight recklessly!
You are too injured to fight recklessly!
You are too injured to fight recklessly!
You hit the phantom but do no damage.
The phantom is moderately damaged.
The phantom hits you.
* * * LOW HITPOINT WARNING * * *
You miss the phantom.
The phantom is moderately damaged.
The phantom barely misses you.
You hit the phantom.
The phantom is heavily damaged.
The phantom closely misses you. The phantom misses you.
You completely miss the phantom.
The phantom is heavily damaged.
The phantom hits you.
You die...

......._#
...._...##
.........##
..........##
.©.©.._..._#
#############
.©8©...W....#
.......@..<.#
.©8©........#
#############
.©.©.._..._#
..........##
...._....##
........##
......._#


You could see a phantom.

Vanquished Creatures (others)
  A gnoll (D:5)
1 creature vanquished.

Notes
Turn   | Place    | Note
-------+----------+-------------------------------------------
     0 | D:5      | blackman the Human Delver began the quest for the Orb.
     0 | D:5      | Reached XP level 1. HP: 18/18 MP: 1/1
     5 | D:5      | Found a staircase to the Ecumenical Temple.
     8 | D:5      | Noticed a phantom
    18 | Temple   | Entered the Ecumenical Temple
    18 | Temple   | Found a transporter.
    18 | Temple   | Found a transporter.
    21 | Temple   | Found a transporter.
    21 | Temple   | Found a transporter.
    25 | Temple   | Slain by a phantom

Illustrated notes

Levels and vault maps discovered:
D:5:      layout_basic, temple_pool_b, lemuel_flamethrower_2
Temple:   hellmonk_temple_divided_pantheon

Action                   || total
-------------------------++-------
Melee: Hand axe          ||     7
Dodge: Dodged            ||     8

Table legend: (Time is in decaauts)
 A = Elapsed time spent in this place.
 B = Non-inter-level travel time spent in this place.
 C = Inter-level travel time spent in this place.
 D = Time resting spent in this place.
 E = Time spent auto-exploring this place.
 F = Levels seen in this place.
 G = Mean time per level.
                   A        B        C        D        E       F      G
               +--------+--------+--------+--------+--------+-----+--------+
         Total |     27 |     27 |      0 |      0 |      0 |   2 |   13.5 |
       Dungeon |     19 |     19 |      0 |      0 |      0 |   1 |   19.0 |
        Temple |      7 |      7 |      0 |      0 |      0 |   1 |    7.0 |
               +--------+--------+--------+--------+--------+-----+--------+

Top non-repeatable levels by time:
     D:5: 19 daAuts
  Temple: 7 daAuts
